 Seeded DCSS version 0.31-a0-18-gea43df2a32 (webtiles) character file.

Game seed: 3072459660147148853 (custom seed)

567 Pimp the Insei (level 7, -2/46 HPs)
             Began as an Octopode Transmuter on May 10, 2023.
             Was an Initiate of Cheibriados.
             Slain by an unseen horror zombie (6 damage)
             ... on level 8 of the Dungeon.
             The game lasted 00:12:15 (4893 turns).

Pimp the Insei (Octopode Transmuter)                Turns: 4893, Time: 00:12:16

Health: -2/46      AC:  1    Str: 10    XL:     7   Next: 33%
Magic:  10/11      EV: 14    Int: 19    God:    Cheibriados [......]
Gold:   267        SH:  0    Dex: 13    Spells: 10/12 levels left

rFire   . .          .
                       - Unarmed
rCold   . . .        (no shield)
rNeg    . . .        (helmet currently unavailable)
rPois   .            (no amulet)
rElec   .            (no ring)
rCorr   .            (no ring)
SInv    .            (no ring)
Will    .....        (no ring)
Stlth   +++          (no ring)
HPRegen 0.27/turn    (no ring)
MPRegen 0.12/turn    (no ring)
                     (no ring)

%: no passive effects
@: appendages, very slow
A: tentacle spike 3, almost no armour, amphibious, 8 rings, camouflage 1,
gelatinous body 1, (nimble swimmer 1), tentacles
a: End Transformation, Renounce Religion


You were on level 8 of the Dungeon.
You worshipped Cheibriados.
Cheibriados was noncommittal.
One of your tentacles had grown a beastly spike.
You visited 2 branches of the dungeon, and saw 7 of its levels.

You collected 267 gold pieces.

Inventory:

Hand Weapons
 k - a +0 heavy sling
Wands
 h - a wand of flame (11) (quivered)
Scrolls
 b - a scroll of amnesia
 c - a scroll of fear
 l - a scroll of immolation
Potions
 a - a potion of lignification
 d - a potion of curing
 e - a potion of resistance {unknown}
 f - 2 potions of flight {unknown}
 g - a potion of experience {unknown}
 i - a potion of degeneration {unknown}
 j - a potion of mutation {unknown}
 m - a potion of heal wounds {unknown}


   Skills:
 + Level 3.0 Fighting
 + Level 3.4 Dodging
 + Level 3.6 Stealth
 + Level 4.1 Unarmed Combat
 + Level 3.2 Spellcasting
 + Level 1.2 Conjurations
 + Level 3.4 Transmutations
 + Level 1.4 Air Magic
 + Level 0.6 Evocations


You had 10 spell levels left.
You knew the following spells:

 Your Spells              Type           Power      Damage    Failure   Level
a - Beastly Appendage     Tmut           32%        N/A       3%          1
b - Shock                 Conj/Air       32%        1d5       9%          1

Your spell library contained the following spells:

 Spells                   Type           Power      Damage    Failure   Level
 Wereblood                Tmut           16%        N/A       5%          2
 Kiss of Death            Conj/Necr      20%        2d7       12%         1
 Momentum Strike          Conj/Tloc      10%        3d8       17%         2
 Blink                    Tloc           6%         N/A       22%         2
 Lesser Beckoning         Tloc           6%         N/A       22%         2
 Spider Form              Tmut/Pois      9%         N/A       22%         3
 Swiftness                Air            8%         N/A       24%         3
 Confusing Touch          Hex            3%         N/A       41%         3
 Ice Form                 Ice/Tmut       9%         N/A       58%         4
 Airstrike                Air            4%         2d(1-17)  63%         4
 Dispel Undead            Necr           3%         3d7       83%         4


Dungeon Overview and Level Annotations

Branches:
Dungeon (8/15)             Temple (1/1) D:5
   Lair: D:8-11

Altars:
Ashenzari
Cheibriados
Dithmenos
Elyvilon
Fedhas
Gozag
Hepliaklqana
Makhleb
Nemelex Xobeh
Okawaru
Qazlal
Sif Muna
Trog
Uskayaw
Vehumet
Xom
Zin
The Shining One

Annotations:
D:4 Menkaure


Innate Abilities, Weirdness & Mutations

One of your tentacles has grown a beastly spike.
You cannot wear most types of armour.
You are amphibious.
You can wear up to eight rings at the same time.
Your skin changes colour to match your surroundings (Stealth+).
Your rubbery body absorbs attacks. (AC +1, EV +1)
((You are camouflaged when in or above water. (Stealth+)))
You have tentacles for arms and can constrict up to eight enemies at once.


Message History

The gnoll shouts!
You tentacle-slap the gnoll but do no damage.
You pierce the gnoll.
You squeeze the gnoll.
You kill the gnoll!
Cheibriados appreciates the change of pace.
There is a shaft here.
You fall into a shaft and drop 3 floors!
The shaft crumbles and collapses.
Found an escape hatch in the floor.
You start resting.
Your transformation is almost over.
Your tentacle spike disappears.
HP restored.
Okay, then.
An unseen horror zombie comes into view.
The unseen horror zombie hits you but does no damage.
The unseen horror zombie hits you!
Casting: Beastly Appendage (safe; 3% risk of failure)
Confirm with . or Enter, or press ? or * to list all spells.
One of your tentacles grows a vicious spike.
The unseen horror zombie misses you. x2; The unseen horror zombie hits you!
You barely miss the unseen horror zombie.
You grab the unseen horror zombie.
You pierce the unseen horror zombie!
You tentacle-slap the unseen horror zombie, but do no damage.
You squeeze the unseen horror zombie.
The unseen horror zombie is moderately damaged.
You constrict the unseen horror zombie. The unseen horror zombie hits you!
The unseen horror zombie barely misses you.
The unseen horror zombie hits you.
You tentacle-slap the unseen horror zombie but do no damage.
You squeeze the unseen horror zombie.
The unseen horror zombie is moderately damaged.
You constrict the unseen horror zombie. The unseen horror zombie hits you!
* * * LOW HITPOINT WARNING * * *
The unseen horror zombie hits you.
* * * LOW HITPOINT WARNING * * *
You tentacle-slap the unseen horror zombie.
The unseen horror zombie is moderately damaged.
You constrict the unseen horror zombie. The unseen horror zombie hits you.
You die...

#......#
#......#
#......###
#........#
#>.....#.#
###########.#
....... #.#
......Z####.#
.......@....#
.......######
.......
#######


You could see an unseen horror zombie.

Vanquished Creatures
  Sigmund (D:3)
  A jelly (D:5)
  3 orc priests
  Jessica (D:3)
  An iguana (D:4)
  Robin (D:4)
  A gnoll (D:5)
  8 adders
  2 dart slugs
  14 orcs
  6 ball pythons
  11 bats
  7 endoplasms
  3 giant cockroaches
  9 hobgoblins
  6 jackals
  5 kobolds
  6 quokkas
  A frilled lizard (D:2)
  19 goblins
  6 rats
112 creatures vanquished.

Notes
Turn   | Place    | Note
-------+----------+-------------------------------------------
     0 | D:1      | Pimp the Octopode Transmuter began the quest for the Orb.
     0 | D:1      | Reached XP level 1. HP: 13/13 MP: 3/3
    58 | D:1      | Reached XP level 2. HP: 13/18 MP: 5/5
   352 | D:1      | Reached XP level 3. HP: 21/23 MP: 6/6
  1122 | D:2      | Reached skill level 1 in Stealth
  1357 | D:2      | Reached XP level 4. HP: 27/29 MP: 5/7
  2120 | D:3      | You fall into a shaft and drop 2 floors!
  2120 | D:5      | Entered Level 5 of the Dungeon
  2120 | D:5      | Found an iron altar of Okawaru.
  2121 | D:5      | Found a stormy altar of Qazlal.
  2125 | D:5      | Found a broken altar of Ashenzari.
  2125 | D:5      | Found a shimmering blue altar of Sif Muna.
  2252 | D:5      | Noticed an ogre
  2322 | D:3      | Noticed Sigmund
  2386 | D:4      | Reached XP level 5. HP: 14/34 MP: 6/8
  2651 | D:4      | Noticed Menkaure
  2695 | D:4      | Noticed Robin
  2753 | D:4      | Learned a level 1 spell: Shock
  2983 | D:3      | Found a blossoming altar of Fedhas.
  3140 | D:3      | Killed Sigmund
  3141 | D:3      | Reached skill level 1 in Conjurations
  3141 | D:3      | Reached skill level 1 in Air Magic
  3141 | D:3      | Reached XP level 6. HP: 23/41 MP: 10/10
  3385 | D:3      | Noticed Jessica
  3394 | D:3      | Killed Jessica
  3424 | D:3      | Reached XP level 7. HP: 32/45 MP: 11/11
  3433 | D:3      | Reached skill level 4 in Unarmed Combat
  3693 | D:3      | Found a faded altar of an unknown god.
  3919 | D:3      | Found an opulent altar of Gozag.
  4273 | D:4      | Killed Robin
  4586 | D:5      | Found a staircase to the Ecumenical Temple.
  4592 | Temple   | Entered the Ecumenical Temple
  4770 | Temple   | Became a worshipper of Cheibriados the Contemplative
  4810 | D:5      | You fall into a shaft and drop 3 floors!
  4893 | D:8      | Slain by an unseen horror zombie

Illustrated notes

Levels and vault maps discovered:
D:1:      sevenhm_arrival_forest_fort_large_2, layout_basic,
          minmay_splitting_lines
D:2:      layout_loops_corners, st_stairs_1
D:3:      layout_basic, fedhas_altar_2, general_overflow_altar,
          ebering_ecumenical_altar_ruins, uniq_jessica, uniq_sigmund
D:4:      layout_basic, uniq_menkaure, uniq_robin
D:5:      minmay_chambers_of_threes, layout_loops_ring,
          grunt_temple_overflow_open, minmay_temple_entry_purple_smoke,
          grunt_ministairs_13, serial_bayou_lagoon_b
D:8:      layout_basic, kiku_gazebo_garden_becter,
          lemuel_zombie_altar_yredelemnul, serial_shops, shop
Temple:   nicolae_temple_bog_church

Skill      XL: |  1  2  3  4  5  6  7 |
---------------+----------------------+-----
Stealth        | 1 2 3 |  3.6
Fighting       | 2 3 |  3.0
Transmutations | 3 |  3.4
Dodging        | 3 |  3.4
Spellcasting   | 3 |  3.2
Conjurations   | 1 |  1.2
Air Magic      | 1 |  1.4
Unarmed Combat | 4 |  4.1
Evocations     | |  0.6

Action                     |  1- 3 |  4- 6 |  7- 9 || total
---------------------------+-------+-------+-------++-------
  Melee: Unarmed           |    81 |   103 |    68 ||   252
         Constrict         |    21 |    29 |    22 ||    72
         Tentacles         |    15 |    26 |    14 ||    55
         Punch             |     2 |     1 |     4 ||     7
         Kick              |    11 |    21 |    18 ||    50
   Cast: Beastly Appendage |     9 |    19 |     9 ||    37
         Shock             |       |    10 |     5 ||    15
  Evoke: Wand              |       |     5 |     2 ||     7
    Use: Scroll            |       |    10 |       ||    10
         Potion            |       |     5 |     1 ||     6
   Stab: Sleeping          |    13 |     4 |     2 ||    19
 Armour: Skin              |     9 |    12 |     4 ||    25
  Dodge: Dodged            |    56 |    94 |    49 ||   199

Table legend: (Time is in decaauts)
 A = Elapsed time spent in this place.
 B = Non-inter-level travel time spent in this place.
 C = Inter-level travel time spent in this place.
 D = Time resting spent in this place.
 E = Time spent auto-exploring this place.
 F = Levels seen in this place.
 G = Mean time per level.
                   A        B        C        D        E       F      G
               +--------+--------+--------+--------+--------+-----+--------+
         Total |   4889 |   4638 |    251 |    879 |   2587 |   7 |  698.4 |
       Dungeon |   4671 |   4494 |    177 |    879 |   2455 |   6 |  778.5 |
        Temple |    217 |    143 |     74 |      0 |    132 |   1 |  217.0 |
               +--------+--------+--------+--------+--------+-----+--------+

Top non-repeatable levels by time:
     D:3: 1213 daAuts
     D:2: 1186 daAuts
     D:4: 924 daAuts
     D:1: 912 daAuts
     D:5: 348 daAuts
  Temple: 217 daAuts
     D:8: 86 daAuts
